 Dungeon Crawl Stone Soup version 0.31-a0-1204-ge2c1a860ed (webtiles) character file.

Game seed: 2001541514251166744

294 olourkin the Grave Robber (level 6, -15/47 HPs)
             Began as a Demonspawn Necromancer on Dec 12, 2023.
             Demolished by an ogre
             ... wielding a +0 giant club
              (20 damage)
             ... on level 4 of the Dungeon on Dec 13, 2023.
             The game lasted 00:17:00 (4237 turns).

olourkin the Grave Robber (Demonspawn Necromancer)  Turns: 4237, Time: 00:17:00

Health: -15/47     AC:  7    Str: 10    XL:     6   Next: 11%
Magic:  5/9        EV: 12    Int: 16    God:
Gold:   85         SH:  0    Dex: 13    Spells: 4/9 levels left

rFire   . . .        t - +1 short sword (speed)
rCold   . . .        (no shield)
rNeg    . . .        a - +0 robe
rPois   .            (no helmet)
rElec   .            p - +1 cloak
rCorr   .            (no gloves)
SInv    .            (no boots)
Will    .....        (no amulet)
Stlth   ++           (no ring)
HPRegen 0.27/turn    (no ring)
MPRegen 0.11/turn

%: no passive effects
@: no status effects
A: hooves 2, molten scales 2
a: no special abilities


You were on level 4 of the Dungeon.
You visited 1 branch of the dungeon, and saw 4 of its levels.

You collected 85 gold pieces.

Inventory:

Hand Weapons
 e - a +0 war axe
 o - a +1 dagger of speed
 t - a +1 short sword of speed (weapon)
Missiles
 c - 2 poisoned darts
 j - a boomerang (quivered)
 k - 20 stones
 s - 2 throwing nets
Armour
 a - a +0 robe (worn)
 m - a +0 buckler
 p - a +1 cloak (worn)
Wands
 w - a wand of polymorph (6)
Scrolls
 l - 2 scrolls of identify
 u - a scroll of enchant armour
 v - a scroll of revelation
Potions
 b - 3 potions of magic
 d - a potion of attraction {unknown}
 g - a potion of might {unknown}
 i - 2 potions of lignification {unknown}
 q - 3 potions of enlightenment
 x - 2 potions of curing {unknown}
 z - a potion of haste {unknown}


   Skills:
 + Level 3.3 Fighting
 + Level 3.0 Armour
 - Level 1.7 Dodging
 - Level 1.7 Stealth
 - Level 2.0 Spellcasting
 + Level 5.9 Necromancy


You had 4 spell levels left.
You knew the following spells:

 Your Spells              Type           Power      Damage    Failure   Level
y - Necrotise             Necr           80%        1d8       1%          1
X - Animate Dead          Necr           20%        N/A       19%         4

Your spell library contained the following spells:

 Spells                   Type           Power      Damage    Failure   Level
 Vampiric Draining        Necr           20%        2d7       5%          3
 Blink                    Tloc           2%         N/A       30%         2
 Lesser Beckoning         Tloc           2%         N/A       30%         2
 Momentum Strike          Conj/Tloc      2%         3d8       30%         2
 Agony                    Necr           20%        N/A       45%         5


Dungeon Overview and Level Annotations

Branches:
Dungeon (4/15)             Temple (0/1) D:4

Altars:
Kikubaaqudgha

Shops:
D:1 (

Annotations:
D:3 3 runed translucent doors, Splishie's ghost, amateur GnMo


Innate Abilities, Weirdness & Mutations

You have hoof-like feet.
You are mostly covered in molten scales. (AC +3)


Message History

Confirm with . or Enter, or press ? or * to list all spells.
Aiming: Necrotise (safe; 1% risk of failure)
Press: ? - help, Shift-Dir - straight line, f - ogre
Aim: an ogre, wielding a +0 giant club (chance to affect: 78%)
The ogre barely resists.
Casting: Necrotise (safe; 1% risk of failure)
Confirm with . or Enter, or press ? or * to list all spells.
Aiming: Necrotise (safe; 1% risk of failure)
Press: ? - help, Shift-Dir - straight line, f/p - ogre
Aim: an ogre, wielding a +0 giant club (chance to affect: 78%)
The ogre writhes in agony.
Casting: Necrotise (safe; 1% risk of failure)
Confirm with . or Enter, or press ? or * to list all spells.
Aiming: Necrotise (safe; 1% risk of failure)
Press: ? - help, Shift-Dir - straight line, f/p - ogre
Aim: an ogre, wielding a +0 giant club (lightly wounded, chance to affect: 78%)
The ogre writhes in agony.
The hobgoblin shouts!
You hit the ogre.
The ogre is moderately wounded.
The ogre hits you with a +0 giant club!!
You hit the ogre. You kick the ogre.
The ogre is heavily wounded.
You hit the ogre. You kick the ogre.
The ogre is severely wounded.
The ogre hits you with a +0 giant club!!
Ouch! That really hurt!
* * * LOW HITPOINT WARNING * * *
You completely miss the ogre. You kick the ogre.
The ogre is almost dead.
You closely miss the ogre. Your kick misses the ogre.
The ogre is almost dead.
Casting: Necrotise (safe; 1% risk of failure)
Confirm with . or Enter, or press ? or * to list all spells.
Aiming: Necrotise (safe; 1% risk of failure)
Press: ? - help, Shift-Dir - straight line, f/p - ogre
Aim: an ogre, wielding a +0 giant club (almost dead, chance to affect: 78%)
The ogre barely resists.
The ogre hits you with a +0 giant club!!
You die...

#########.......#
#########.......#
#############........##
*#............<........#
*****............#.........#
,,,,,......รท.......#.......#
,***,..............##.....##
,,,,,.............#......## *****
,,,,,...........@.#...#### *,,,,
,***,..........O..#...#### *,,,,
,* **............#....#### *,,,,
##***#.......g........# *,,,,
...* #..##.#.W#.###...# *****,,,,
##.####.........# #####**,<,,,,,,
................###**,,,,,,,,,,,,
....................>,***,,,,,,,,
.................####*,,,,,*,,,,,


You could see an ogre, a phantom and a hobgoblin.

Vanquished Creatures
  An ice beast (D:3)
  Terence (D:3)
  2 iguanas
  4 gnolls (D:2)
  An adder (D:3)
  2 worms
  A dart slug (D:3)
  An orc (D:3)
  5 endoplasms
  3 giant cockroaches
  7 hobgoblins
  3 jackals (D:2)
  8 kobolds
  3 quokkas
  4 ball pythons
  8 bats
  5 frilled lizards
  4 goblins
  9 rats
72 creatures vanquished.

Notes
Turn   | Place    | Note
-------+----------+-------------------------------------------
     0 | D:1      | olourkin the Demonspawn Necromancer began the quest for the
                  | Orb.
     0 | D:1      | Reached XP level 1. HP: 13/13 MP: 3/3
   765 | D:1      | Gained mutation: You are partially covered in molten
                  | scales. (AC +2) [demonic ancestry]
   765 | D:1      | Reached XP level 2. HP: 20/20 MP: 5/5
   817 | D:1      | Found Ifueju's Antique Weapon Emporium.
  1001 | D:1      | Reached skill level 1 in Fighting
  1187 | D:1      | Reached skill level 1 in Armour
  1501 | D:2      | Gained mutation: You have large cloven feet. [demonic
                  | ancestry]
  1501 | D:2      | Reached XP level 3. HP: 26/26 MP: 3/6
  2505 | D:2      | Reached skill level 5 in Necromancy
  2547 | D:2      | Gained mutation: You are mostly covered in molten scales.
                  | (AC +3) [demonic ancestry]
  2547 | D:2      | Reached XP level 4. HP: 33/33 MP: 4/7
  2923 | D:3      | Noticed Terence
  3296 | D:3      | Found a runed translucent gate.
  3296 | D:3      | Found a runed translucent gate.
  3296 | D:3      | Found a runed translucent gate.
  3305 | D:3      | Noticed Splishie's ghost (amateur GnMo)
  3354 | D:3      | Killed Terence
  3355 | D:3      | Gained mutation: You have hoof-like feet. [demonic
                  | ancestry]
  3355 | D:3      | Reached XP level 5. HP: 34/39 MP: 6/8
  3423 | D:3      | Found an ancient bone altar of Kikubaaqudgha.
  3712 | D:4      | Noticed an ice beast
  3774 | D:4      | Noticed a phantom
  4011 | D:3      | Learned a level 4 spell: Animate Dead
  4029 | D:4      | Noticed an ogre
  4046 | D:3      | Killed an ice beast
  4047 | D:3      | Reached XP level 6. HP: 19/47 MP: 0/9
  4237 | D:4      | Demolished by an ogre

Illustrated notes

Levels and vault maps discovered:
D:1:      dpeg_arrival_ratfight, layout_basic, serial_corexii_hall,
          chequers_hall_statues_wall_a, chequers_hall_statues_wall_a,
          chequers_hall_statues_corner_a, corexii_hall_statues_s, serial_shops,
          shop, minivault_11, minmay_split_cup_large
D:2:      layout_basic, kennysheep_generic_room_3
D:3:      layout_basic, mainiacjoe_overflow_catwalk, ebering_ghost_rock_garden,
          uniq_terence
D:4:      layout_rooms, minmay_temple_entry_statues_pillars, st_stairs_7,
          serial_park_tiny_pond

Skill      XL: |  1  2  3  4  5 |
---------------+----------------+-----
Fighting       | 1 2 3 |  3.3
Armour         | 1 2 3 |  3.0
Necromancy     | 5 |  5.9
Dodging        | |  1.7
Stealth        | |  1.7
Spellcasting   | |  2.0

Action                     |  1- 3 |  4- 6 || total
---------------------------+-------+-------++-------
  Melee: War axe           |    86 |       ||    86
         Unarmed           |     8 |    11 ||    19
         Punch             |     2 |     1 ||     3
         Dagger            |     8 |    20 ||    28
         Kick              |     5 |    22 ||    27
         Short sword       |       |    71 ||    71
  Throw: Boomerang         |     8 |       ||     8
   Cast: Necrotise         |    34 |    41 ||    75
    Use: Scroll            |       |     7 ||     7
         Potion            |       |     1 ||     1
   Stab: Sleeping          |     4 |     1 ||     5
         Confused          |       |     1 ||     1
 Armour: Robe              |    71 |    42 ||   113
         Skin              |       |     1 ||     1
  Dodge: Dodged            |    91 |    62 ||   153

Table legend: (Time is in decaauts)
 A = Elapsed time spent in this place.
 B = Non-inter-level travel time spent in this place.
 C = Inter-level travel time spent in this place.
 D = Time resting spent in this place.
 E = Time spent auto-exploring this place.
 F = Levels seen in this place.
 G = Mean time per level.
                   A        B        C        D        E       F      G
               +--------+--------+--------+--------+--------+-----+--------+
         Total |   4250 |   4067 |    183 |   1407 |   1768 |   4 | 1062.5 |
       Dungeon |   4250 |   4067 |    183 |   1407 |   1768 |   4 | 1062.5 |
               +--------+--------+--------+--------+--------+-----+--------+

Top non-repeatable levels by time:
     D:2: 1547 daAuts
     D:1: 1439 daAuts
     D:3: 1104 daAuts
     D:4: 158 daAuts
